 Dungeon Crawl Stone Soup version 0.19.4 (webtiles) character file.

75 vatarom the Cudgeler (level 4, 0/35 HPs)
             Began as a Formicid Abyssal Knight on Feb 3, 2017.
             Was a Believer of Lugonu.
             Killed by a spatial distortion (4 damage)
             ... on level 3 of the Dungeon.
             The game lasted 00:04:25 (2482 turns).

vatarom the Cudgeler (Formicid Abyssal Knight)      Turns: 2482, Time: 00:04:25

Health: 0/35       AC:  4    Str: 17    XL:     4   Next: 55%
Magic:  6/6        EV: 11    Int: 11    God:    Lugonu [**....]
Gold:   102        SH:  0    Dex: 11    Spells: 0 memorised, 3 levels left

rFire  . . .     SeeInvis +     l - +0 dire flail
rCold  . . .     Gourm    .     b - +0 leather armour
rNeg   . . .     Faith    .     (no shield)
rPois  .         Spirit   .     (helmet unavailable)
rElec  .         Reflect  .     d - +0 cloak
rCorr  .         Harm     .     (no gloves)
MR     .....                    (no boots)
Stlth  ..........               (no amulet)
                                (no ring)
                                e - ring of loudness

@: lethally poisoned (0 -> -6), drained
A: permanent stasis, dig shafts and tunnels, four strong arms, antennae 3
a: Dig, Shaft Self, Depart the Abyss, Bend Space, Renounce Religion


You were on level 3 of the Dungeon.
You worshipped Lugonu.
Lugonu was pleased with you.
You were hungry.

You visited 1 branch of the dungeon, and saw 3 of its levels.
You visited the Abyss 1 time.

You collected 102 gold pieces.

Inventory:

Hand Weapons
 l - a +0 dire flail (weapon)
Armour
 b - a +0 leather armour (worn)
 d - a +0 cloak (worn)
 g - a +0 large shield
Jewellery
 e - a ring of loudness (left hand)
Scrolls
 h - 4 scrolls of identify
 i - a scroll of random uselessness
 k - a scroll of remove curse
Comestibles
 c - a bread ration
 f - a meat ration
 j - a royal jelly
 n - 5 fruits


   Skills:
 - Level 3.2(3.0) Fighting
 * Level 3.3(3.1) Maces & Flails
 - Level 2.4(2.2) Armour
 - Level 0.8(0.6) Dodging
 * Level 1.9(1.7) Shields
 + Level 3.1(2.9) Invocations


You had 3 spell levels left.
You didn't know any spells.

Dungeon Overview and Level Annotations

Branches:
Dungeon (3/15)

Altars:


Innate Abilities, Weirdness & Mutations

You are under a permanent stasis effect.
You can dig through walls and to a lower floor.
Your four strong arms can wield two-handed weapons with a shield.
You have a pair of large antennae on your head. (SInv)


Message History

You are more poisoned.
The adder poisons you!
You completely miss the adder.
You feel sick. The adder closely misses you.
You closely miss the adder.
You feel sick. The adder closely misses you.
The adder bites you but does no damage.
You completely miss the adder.
You feel sick. The adder bites you.
You aren't carrying any potions.
You closely miss the adder. The adder barely misses you. The adder misses you.
You miss the adder.
You feel sick. The adder barely misses you.
You barely miss the adder.
You feel sick. The adder bites you.
* * * LOW HITPOINT WARNING * * *
The adder bites you.
* * * LOW HITPOINT WARNING * * *
Unknown command.
Okay, then.
You barely miss the adder. The adder bites you.
* * * LOW HITPOINT WARNING * * *
You aren't carrying any potions.
Space bends around you!
You blink.
You die...

#! #.# ####
#.# #...##.#
#....# #.S##
##..ยง## #####
#...%.####...#
##.@.........#
##.######...#
#.# ##.## #.#
#.# #+#
#.#####
#.....#
#####.# ##.#.#
####....####


You could see an adder.

Vanquished Creatures
  An adder (D:2)
  2 worms (D:2)
  3 dart slugs
  A leopard gecko (D:1)
  10 giant cockroaches
  8 goblins
  8 hobgoblins
  2 jackals (D:1)
  3 bats (D:1)
  3 frilled lizards
  3 kobolds
  4 rats
48 creatures vanquished.

Notes
Turn   | Place    | Note
-------+----------+-------------------------------------------
     0 | Abyss:1  | vatarom the Formicid Abyssal Knight began the quest for the Orb.
     0 | Abyss:1  | Reached XP level 1. HP: 18/18 MP: 2/2
     1 | Abyss:1  | Found a corrupted altar of Lugonu.
    31 | D:1      | Escaped the Abyss
   103 | D:1      | Reached XP level 2. HP: 15/24 MP: 3/3
   868 | D:1      | Reached XP level 3. HP: 25/29 MP: 4/4
   974 | D:1      | Reached ** piety under Lugonu
  1224 | D:1      | Reached skill level 1 in Shields
  1768 | D:2      | Reached XP level 4. HP: 33/35 MP: 6/6
  2482 | D:3      | Killed by a spatial distortion

Skill      XL: |  1  2  3 |
---------------+----------+-----
Maces & Flails | 3 |  3.3
Shields        | 1 |  1.9
Invocations    | 3 |  3.1
Fighting       | |  3.2
Armour         | |  2.4
Dodging        | |  0.8

Action                   |  1- 3 |  4- 6 || total
-------------------------+-------+-------++-------
Melee: Mace              |    97 |       ||    97
       Dire flail        |    12 |    63 ||    75
  Use: Potion            |     1 |     2 ||     3
       Scroll            |     6 |     1 ||     7
  Eat: Chunk             |     1 |     2 ||     3
       Pizza             |     1 |       ||     1
Armor: Leather armour    |    51 |    13 ||    64
Dodge: Dodged            |    90 |    43 ||   133
